 Dungeon Sprint DCSS version 0.18.1-5-g4a78601 (webtiles) character file.

39519 IcyTea the Bludgeoner (level 13, -3/125 HPs)
             Began as a Demonspawn Berserker on May 14, 2016.
             Was the Champion of Trog.
             Killed from afar by a fire giant (42 damage)
             ... with a fireball
             ... in the Dungeon (Sprint IX: "|||||||||||||||||||||||||||||").
             The game lasted 00:42:40 (3354 turns).

IcyTea the Bludgeoner (Demonspawn Berserker)        Turns: 3354, Time: 00:42:41

Health: -3/125     AC: 26    Str: 25    XL:     13   Next: 69%
Magic:  0/20       EV: 15    Int: 10    God:    Trog [******]
Gold:   1564       SH:  2    Dex: 15    Spells: 0 memorised, 12 levels left

rFire  . . .     SeeInvis .     H - +9 great mace of Embarrassment {flame, +Fly rC+ Dex+3}
rCold  + . .     Gourm    .     I - +2 chain mail {MR+}
rNeg   . . .     Faith    .     (shield currently unavailable)
rPois  .         Spirit   +     a - +1 helmet
rElec  +         Dismiss  .     v - +1 cloak
rCorr  .         Reflect  +     D - +1 pair of gloves
SustAt .         Harm     .     A - +1 pair of boots
MR     ++++.     NoTele   +     G - +2 amulet of reflection
Stlth  ++++......               p - +3 ring of strength
                                u - ring of protection from magic

@: regenerating, incredibly resistant to hostile enchantments, stealthy
A: claws 1, yellow scales 2, nightstalker 2, electricity resistance, wild magic
1, magic shield
a: Berserk, Trog's Hand, Brothers in Arms, Burn Spellbooks, Renounce Religion,
Evoke Flight


You were in the Dungeon.
You worshipped Trog.
Trog was exalted by your worship.
You were hungry.

You visited 1 branch You collected 1911 gold pieces.
You spent 347 gold pieces at shops.

Inventory:

Hand Weapons
 b - a +9 antimagic great mace
 o - the +10 dire flail of Untimely Demise {crush, MR+}
   (Trog gifted it to you in the Dungeon)

   It inflicts extra damage upon your enemies.
   It affects your resistance to hostile enchantments.
 w - the +9 dagger of Activism {drain, rPois}
   (Trog gifted it to you in the Dungeon)

   A truly terrible weapon, it drains the life of those it strikes.
   It protects you from poison.
 H - the +9 great mace of Embarrassment (weapon) {flame, +Fly rC+ Dex+3}
   (Trog gifted it to you in the Dungeon)

   It has been specially enchanted to burn those struck by it, causing extra
   injury to most foes and up to half again as much damage against particularly
   susceptible opponents.
   It affects your dexterity (+3).
   It protects you from cold.
   It lets you fly.
Armour
 a - a +1 helmet (worn)
 q - a +4 troll leather armour
 v - a +1 cloak (worn)
 A - a +1 pair of boots (worn)
 B - a +0 chain mail of poison resistance
 D - a +1 pair of gloves (worn)
 I - a +2 chain mail of magic resistance (worn)
Jewellery
 j - a +2 ring of evasion
 n - an uncursed ring of see invisible
 p - a +3 ring of strength (right hand)
 u - a ring of protection from magic (left hand)
 C - an uncursed ring of protection from magic
 G - a +2 amulet of reflection (around neck)
Wands
 m - a wand of iceblast (7/15)
 F - a wand of lightning (2/15)
Scrolls
 i - 3 scrolls of blinking
 l - 3 scrolls of remove curse
 t - 2 scrolls of recharging
 y - 2 scrolls of enchant weapon
 E - a scroll of fear
Potions
 d - 9 potions of curing
 e - 6 potions of heal wounds
 f - 2 potions of haste
 g - 4 potions of magic
 h - a potion of berserk rage
 k - a potion of invisibility
 r - 2 potions of cure mutation
 s - a potion of brilliance
Comestibles
 c - 13 bread rations
 x - 40 fruits
 z - 12 meat rations


   Skills:
 - Level 19.2 Fighting
 - Level 20.0 Maces & Flails
 - Level 10.1 Armour
 - Level 11.0 Dodging
 + Level 12.9 Stealth
 - Level 10.1 Evocations


You had 12 spell levels left.
You didn't know any spells.

Dungeon Overview and Level Annotations

Branches:
Dungeon (1/1)

Altars:
Cheibriados
Dithmenos
Elyvilon
Fedhas
Gozag
Kikubaaqudgha
Makhleb
Nemelex Xobeh
Okawaru
Pakellas
Qazlal
Ru
Sif Muna
Trog
Vehumet
Xom
Yredelemnul
Zin
The Shining One
Beogh
Jiyva
Lugonu

Shops:
D !!**


Innate Abilities, Weirdness & Mutations

You have sharp fingernails.
You are mostly covered in yellow scales (AC +3).
You are significantly more attuned to the shadows.
When hurt, damage is shared between your health and your magic reserves.
You are resistant to electric shocks.
Your spells are a little harder to cast, but a little more powerful.


Message History

You feel much better.
The fire giant hits you with a great sword of flaming!!
* * * LOW HITPOINT WARNING * * *
The fire giant burns you.
* * * LOW HITPOINT WARNING * * *
You see here a glowing demon whip {god gift}.
Drink which item? (? for menu, Esc to quit)
You feel much better. The fire giant completely misses you.
The fire giant gestures at you while chanting.
The bolt of fire hits you!
* * * LOW HITPOINT WARNING * * *
Things that are here:
an arrow; a great mace of protection; a ring mail
There is an open door to the Dungeon here.
You close the door.
A fire giant opens the door.
Drink which item? (? for menu, Esc to quit)
You feel much better.
The fire giant points at you and mumbles some strange words.
The fireball explodes!
The fireball engulfs you!
You die...

.▓)▓.▓.▓.▓.▓)▓.▓.▓
.▓)▓.▓.▓'▓.▓)▓.▓.▓
.▓.▓.▓.▓.▓)▓.▓.▓.▓
.▓.▓.▓.▓.▓)▓)▓.▓.▓
.▓.▓)▓.▓=▓.▓)▓.▓.▓
[▓.▓)▓.▓.▓.▓)▓)▓.▓
(▓.▓)▓.▓.▓.▓†▓.▓.▓
)▓.▓[▓.▓)▓.▓'▓.▓.▓
.▓.▓)▓.▓)▓.▓.▓.▓@▓
.▓)▓[▓.▓)▓.▓.▓.▓'▓
.▓.▓)▓.▓)▓.▓.▓.▓C▓
.▓.▓)▓.▓)▓.▓.▓.▓Q▓
[▓.▓.▓.▓)▓.▓.▓.▓*▓
†▓.▓)▓.▓)▓.▓.▓.▓)▓
.▓.▓.▓.▓)▓.▓)▓.▓*▓
.▓.▓)▓.▓.▓.▓.▓.▓.▓
.▓.▓.▓.▓[▓.▓.▓.▓Q▓


You could see a fire giant, a tengu reaver and a battlesphere.

Vanquished Creatures
  Gastronok (D)
  A tengu reaver (D)
  2 very ugly things (D)
  Snorg (D)
  A fire dragon (D)
  Josephine (D)
  2 hydras (D)
  A rakshasa (D)
  A great orb of eyes (D)
  2 naga warriors (D)
  A merfolk avatar (D)
  2 centaur warriors (D)
  A tengu warrior (D)
  6 orc high priests (D)
  A naga ritualist (D)
  A swamp dragon (D)
  7 orc knights (D)
  2 griffons (D)
  A hornet (D)
  Maurice (D)
  A black mamba (shapeshifter) (D)
  4 black mambas (D)
  A naga mage (D)
  A gargoyle (D)
  6 spiny frogs (D)
  2 komodo dragons (D)
  3 demonic crawlers (D)
  A troll (D)
  A tengu conjurer (D)
  A giant leech (D)
  A jumping spider (D)
  4 blink frogs (D)
  A snapping turtle (D)
  A bog body (D)
  2 tarantellas (D)
  A spriggan (D)
  3 redbacks (D)
  3 wraiths (D)
  2 yaks (D)
  Eustachio (D)
  A hippogriff (D)
  4 vampire mosquitoes (D)
  A hungry ghost (D)
  2 nagas (D)
  An insubstantial wisp (D)
  3 water moccasins (D)
  2 porcupines (D)
  A wasp (D)
  An ice beast (D)
  10 orc warriors (D)
  3 sky beasts (D)
  A crocodile (D)
  2 giant frogs (D)
  A scorpion (D)
  A killer bee (D)
  A jelly (D)
  5 orc wizards (D)
  3 orc priests (D)
  2 iguanas (D)
  An adder (D)
  A shadow imp (D)
  An adder zombie (D)
  An adder skeleton (D)
  7 orcs (D)
  A bat zombie (D)
  A jackal (D)
  2 kobolds (D)
  A quokka (D)
  A bat (D)
  2 rats (D)
140 creatures vanquished.

Vanquished Creatures (collateral kills)
  Frances (D)
  An ettin (D)
  2 merfolk impalers (D)
  An ogre mage (D)
  A deep troll earth mage (D)
  A sea snake (D)
  2 orc knights (D)
  A water nymph (D)
  A snapping turtle (D)
  A merfolk (D)
12 creatures vanquished.

Grand Total: 152 creatures vanquished

Notes
Turn   | Place    | Note
--------------------------------------------------------------
     0 | D        | IcyTea the Demonspawn Berserker began the quest for the Orb.
     0 | D        | Reached XP level 1. HP: 18/18 MP: 1/1
     8 | D        | Reached skill level 3 in Maces & Flails
    14 | D        | Reached ** piety under Trog
    19 | D        | Reached skill level 4 in Maces & Flails
    98 | D        | Noticed a scorpion
   100 | D        | Reached *** piety under Trog
   102 | D        | Gained mutation: You are slightly more attuned to the shadows. [demonic ancestry]
   102 | D        | Reached XP level 2. HP: 24/24 MP: 2/2
   107 | D        | Killed a scorpion
   107 | D        | Reached skill level 7 in Maces & Flails
   107 | D        | Gained mutation: You are significantly more attuned to the shadows. [demonic ancestry]
   107 | D        | Reached XP level 3. HP: 29/29 MP: 3/3
   112 | D        | Reached XP level 4. HP: 35/35 MP: 4/4
   149 | D        | Found a glowing silver altar of Zin.
   149 | D        | Found a glowing golden altar of the Shining One.
   149 | D        | Found an ancient bone altar of Kikubaaqudgha.
   149 | D        | Found a basalt altar of Yredelemnul.
   150 | D        | Found a shimmering altar of Xom.
   151 | D        | Found a radiant altar of Vehumet.
   152 | D        | Found an iron altar of Okawaru.
   153 | D        | Found a burning altar of Makhleb.
   154 | D        | Found a deep blue altar of Sif Muna.
   155 | D        | Found a bloodstained altar of Trog.
   156 | D        | Found a sparkling altar of Nemelex Xobeh.
   157 | D        | Found a white marble altar of Elyvilon.
   158 | D        | Found a roughly hewn altar of Beogh.
   159 | D        | Found a viscous altar of Jiyva.
   160 | D        | Found a corrupted altar of Lugonu.
   161 | D        | Found a blossoming altar of Fedhas.
   162 | D        | Found a snail-covered altar of Cheibriados.
   163 | D        | Found a shadowy altar of Dithmenos.
   164 | D        | Found a stormy altar of Qazlal.
   165 | D        | Found an opulent altar of Gozag.
   166 | D        | Found a sacrificial altar of Ru.
   167 | D        | Found an oddly glowing altar of Pakellas.
   217 | D        | Noticed a troll
   217 | D        | Noticed a hungry ghost
   225 | D        | Killed a troll
   225 | D        | Reached **** piety under Trog
   225 | D        | Reached skill level 11 in Maces & Flails
   225 | D        | Gained mutation: You are partially covered in yellow scales (AC +2). [demonic ancestry]
   225 | D        | Reached XP level 5. HP: 41/41 MP: 5/5
   225 | D        | Reached XP level 6. HP: 47/47 MP: 6/6
   229 | D        | Killed a hungry ghost
   229 | D        | Reached skill level 13 in Maces & Flails
   230 | D        | Noticed a sky beast
   296 | D        | Killed a sky beast
   296 | D        | Reached XP level 7. HP: 45/52 MP: 7/7
   305 | D        | Gained mutation: You are resistant to electric shocks. [mutagenic meat]
   306 | D        | Gained mutation: Your spells are a little harder to cast, but a little more powerful. [mutagenic meat]
   411 | D        | Noticed a vampire mosquito
   414 | D        | Noticed a gargoyle
   417 | D        | Reached skill level 14 in Maces & Flails
   426 | D        | Reached ***** piety under Trog
   426 | D        | Reached skill level 5 in Fighting
   434 | D        | Killed a vampire mosquito
   444 | D        | Killed a gargoyle
   444 | D        | Gained mutation: You have sharp fingernails. [demonic ancestry]
   444 | D        | Reached XP level 8. HP: 45/71 MP: 8/8
   614 | D        | Noticed a komodo dragon
   625 | D        | Reached skill level 5 in Armour
   628 | D        | Noticed a griffon
   633 | D        | Killed a komodo dragon
   634 | D        | Noticed a black mamba
   636 | D        | Received a gift from Trog
   637 | D        | Got an ivory dire flail {god gift}
   649 | D        | Killed a griffon
   649 | D        | Reached skill level 10 in Armour
   649 | D        | Reached XP level 9. HP: 62/77 MP: 9/9
   650 | D        | Identified the +10 dire flail of Untimely Demise {crush, MR+} (Trog gifted it to you in the Dungeon)
   657 | D        | Killed a black mamba
   657 | D        | Reached skill level 5 in Dodging
   704 | D        | Noticed a spiny frog
   704 | D        | Noticed a four-headed hydra
   711 | D        | Killed a four-headed hydra
   711 | D        | Received a gift from Trog
   713 | D        | Killed a spiny frog
   714 | D        | Noticed a spiny frog
   716 | D        | Reached skill level 10 in Dodging
   716 | D        | Reached XP level 10. HP: 83/83 MP: 10/10
   719 | D        | Noticed a spiny frog
   720 | D        | Killed a spiny frog
   732 | D        | Killed a spiny frog
   739 | D        | Received a gift from Trog
   892 | D        | Noticed a spiny frog
   892 | D        | Noticed a spiny frog
   900 | D        | Killed a spiny frog
   900 | D        | Reached skill level 15 in Maces & Flails
   905 | D        | Noticed a spiny frog
   907 | D        | Killed a spiny frog
   919 | D        | Killed a spiny frog
   919 | D        | Reached ****** piety under Trog
   919 | D        | Reached skill level 16 in Maces & Flails
  1087 | D        | Noticed Gastronok
  1100 | D        | Killed Gastronok
  1100 | D        | Gained mutation: When hurt, damage is shared between your health and your magic reserves. [demonic ancestry]
  1100 | D        | Reached XP level 11. HP: 79/89 MP: 11/11
  1158 | D        | Noticed Eustachio
  1164 | D        | Killed Eustachio
  1169 | D        | Noticed Maurice
  1178 | D        | Killed Maurice
  1178 | D        | Received a gift from Trog
  1278 | D        | Noticed an orc knight
  1282 | D        | Received a gift from Trog
  1297 | D        | Killed an orc knight
  1297 | D        | Reached skill level 10 in Fighting
  1303 | D        | Received a gift from Trog
  1416 | D        | Noticed an orc high priest
  1429 | D        | Received a gift from Trog
  1444 | D        | Killed an orc high priest
  1456 | D        | Received a gift from Trog
  1464 | D        | Reached skill level 17 in Maces & Flails
  1473 | D        | Got a scorched dagger {god gift}
  1474 | D        | Identified the +9 dagger of Activism {drain, rPois} (Trog gifted it to you in the Dungeon)
  1587 | D        | Noticed an orc high priest
  1587 | D        | Noticed an orc knight
  1587 | D        | Noticed an orc high priest
  1587 | D        | Noticed an orc high priest
  1589 | D        | Noticed an orc knight
  1591 | D        | Killed an orc high priest
  1599 | D        | Killed an orc knight
  1603 | D        | Found Ysahidu's Distillery.
  1606 | D        | Killed an orc high priest
  1606 | D        | Received a gift from Trog
  1607 | D        | Noticed an orc high priest
  1610 | D        | Killed an orc high priest
  1610 | D        | Reached skill level 18 in Maces & Flails
  1611 | D        | Noticed an orc knight
  1620 | D        | Killed an orc knight
  1621 | D        | Found Cearumor's Distillery.
  1627 | D        | Killed an orc high priest
  1634 | D        | Killed an orc knight
  1637 | D        | Found Lain's General Store.
  1638 | D        | Noticed an orc knight
  1639 | D        | Found Daucra Nadghi's Assorted Antiques.
  1640 | D        | Noticed an orc high priest
  1644 | D        | Noticed an orc knight
  1647 | D        | Killed an orc knight
  1647 | D        | Reached skill level 19 in Maces & Flails
  1650 | D        | Killed an orc high priest
  1650 | D        | Received a gift from Trog
  1651 | D        | Noticed an orc knight
  1653 | D        | Noticed an orc knight
  1656 | D        | Killed an orc knight
  1656 | D        | Reached XP level 12. HP: 81/100 MP: 8/15
  1826 | D        | Bought a scroll of enchant weapon for 90 gold pieces
  1826 | D        | Bought a wand of lightning (2/15) for 72 gold pieces
  1828 | D        | Bought a potion of curing for 30 gold pieces
  1828 | D        | Bought a potion of curing for 30 gold pieces
  1836 | D        | Bought a small copper amulet for 125 gold pieces
  2069 | D        | Noticed a tengu warrior
  2072 | D        | Reached skill level 20 in Maces & Flails
  2079 | D        | Received a gift from Trog
  2079 | D        | Reached skill level 5 in Evocations
  2091 | D        | Killed a tengu warrior
  2105 | D        | Noticed a great orb of eyes
  2116 | D        | Killed a great orb of eyes
  2127 | D        | Noticed an ettin
  2128 | D        | Noticed an ogre mage
  2235 | D        | Noticed a deep troll earth mage
  2236 | D        | Noticed a rakshasa
  2242 | D        | Killed an ettin
  2242 | D        | Received a gift from Trog
  2242 | D        | Killed an ogre mage
  2244 | D        | Killed a deep troll earth mage
  2244 | D        | Reached skill level 10 in Evocations
  2246 | D        | Noticed a green very ugly thing
  2252 | D        | Killed a rakshasa
  2252 | D        | Received a gift from Trog
  2265 | D        | Killed a red very ugly thing
  2406 | D        | Noticed Josephine
  2407 | D        | Noticed Snorg
  2420 | D        | Killed Josephine
  2424 | D        | Killed Snorg
  2424 | D        | Received a gift from Trog
  2477 | D        | Noticed a merfolk impaler
  2477 | D        | Noticed a merfolk impaler
  2489 | D        | Killed a merfolk impaler
  2495 | D        | Killed a merfolk impaler
  2498 | D        | Reached skill level 15 in Fighting
  2527 | D        | Noticed a merfolk avatar
  2534 | D        | Received a gift from Trog
  2542 | D        | Killed a merfolk avatar
  2596 | D        | Noticed a naga warrior
  2604 | D        | Noticed a naga warrior
  2611 | D        | Killed a naga warrior
  2611 | D        | Gained mutation: You are mostly covered in yellow scales (AC +3). [demonic ancestry]
  2611 | D        | Reached XP level 13. HP: 50/118 MP: 3/20
  2767 | D        | Received a gift from Trog
  2874 | D        | Received a gift from Trog
  3065 | D        | Received a gift from Trog
  3082 | D        | Got a warped short sword {god gift}
  3083 | D        | Identified the +7 short sword of Heaxuhi {antimagic, rElec rPois Int+4} (Trog gifted it to you in the Dungeon)
  3176 | D        | Noticed Frances
  3187 | D        | Killed Frances
  3187 | D        | Received a gift from Trog
  3191 | D        | Got a shimmering great mace {god gift}
  3192 | D        | Identified the +9 great mace of Embarrassment {flame, +Fly rC+ Dex+3} (Trog gifted it to you in the Dungeon)
  3303 | D        | Noticed a tengu reaver
  3305 | D        | Noticed a fire dragon
  3311 | D        | Killed a tengu reaver
  3311 | D        | Reached skill level 10 in Stealth
  3315 | D        | Noticed a white very ugly thing
  3330 | D        | Killed a white very ugly thing
  3331 | D        | Noticed a fire giant
  3338 | D        | Noticed a tengu reaver
  3338 | D        | Received a gift from Trog
  3340 | D        | Noticed a deep elf death mage
  3344 | D        | Killed a fire dragon
  3354 | D        | Killed from afar by a fire giant

Skill      XL: |  1  2  3  4  5  6  7  8  9 10 11 12 13 |
---------------+----------------------------------------+-----
Maces & Flails | 4 7 11 13 14 16 19 20 | 20.0
Fighting       | 9 11 16 19 | 19.2
Armour         | 10 | 10.1
Dodging        | 10 11 | 11.0
Stealth        | 8 12 | 12.9
Evocations     | 4 10 | 10.1

Action                   |  1- 3 |  4- 6 |  7- 9 | 10-12 | 13-15 || total
-------------------------+-------+-------+-------+-------+-------++-------
Melee: Mace              |    26 |     2 |       |       |       ||    28
       Dire flail        |       |    36 |    78 |   202 |       ||   316
       Great mace        |       |       |       |   114 |   138 ||   252
Invok: Trog's Hand       |     1 |     3 |     4 |     7 |     6 ||    21
       Berserk           |     1 |     2 |     3 |     1 |     1 ||     8
       Brothers in Arms  |       |       |       |     4 |     1 ||     5
  Use: Scroll            |       |       |     4 |     4 |     2 ||    10
       Potion            |       |       |       |     2 |     3 ||     5
 Stab: Sleeping          |       |       |       |     5 |     1 ||     6
  Eat: Chunk             |       |       |     8 |    10 |     4 ||    22
Armor: Animal skin       |     5 |       |       |       |       ||     5
       Ring mail         |       |    10 |     6 |       |       ||    16
       Troll leather arm |       |       |    12 |    47 |    30 ||    89
       Chain mail        |       |       |       |       |    16 ||    16
Dodge: Dodged            |    14 |    22 |    29 |   107 |   109 ||   281
Block: Other             |       |       |       |     5 |    12 ||    17
